 Dungeon Crawl Stone Soup version 0.30.1-11-g7821555f0a (webtiles) character file.

Game seed: 11307717642809709340

78 Martska the Trooper (level 4, 0/37 HPs)
             Began as a Demonspawn Fighter on Dec 13, 2023.
             Slain by a gnoll
             ... wielding a +0 flail
              (4 damage)
             ... while paralysed by Grinder
             ... on level 3 of the Dungeon.
             The game lasted 00:01:45 (1566 turns).

Martska the Trooper (Demonspawn Fighter)            Turns: 1566, Time: 00:01:46

Health: 0/37       AC: 12    Str: 17 (18) XL:     4   Next: 15%
Magic:  4/4        EV:  2    Int:  6 (9)  God:
Gold:   139        SH:  0    Dex: 12 (13) Spells: 3/3 levels left

rFire   . . .        n - +2 dagger (speed)
rCold   . . .        c - +0 buckler
rNeg    . . .        b - +0 scale mail
rPois   .            (no helmet)
rElec   .            (no cloak)
rCorr   .            (no gloves)
SInv    .            (no boots)
Will    .....        (no amulet) Stlth
                     (no ring)
HPRegen 0.26/turn    (no ring)
MPRegen 0.09/turn

%: no passive effects
@: paralysed, sanguine armoured
A: sanguine armour 1
a: no special abilities


You were on level 3 of the Dungeon.
You visited 1 branch of the dungeon, and saw 3 of its levels.

You collected 139 gold pieces.

Inventory:

Hand Weapons
 a - a +0 trident
 n - a +2 dagger of speed (weapon)
Missiles
 m - a throwing net (quivered)
Armour
 b - a +0 scale mail (worn)
 c - a +0 buckler (worn)
Jewellery
 o - an amulet of the acrobat
Scrolls
 f - a scroll of enchant armour {unknown}
 i - a scroll of identify {unknown}
 j - a scroll of teleportation {unknown}
 k - a scroll of noise {unknown}
 l - 2 scrolls of amnesia {unknown}
Potions
 d - a potion of might
 g - a potion of heal wounds {unknown}
 h - a potion of curing {unknown}


   Skills:
 * Level 3.7 Fighting
 - Level 1.7 Polearms
 + Level 3.0 Armour
 * Level 1.8 Dodging
 + Level 3.1 Shields


You had 3 spell levels left.
You didn't know any spells.
Your spell library contained the following spells:

 Spells                   Type           Power      Damage    Failure   Level
 Magic Dart               Conj           0%         1d3       91%         1
 Sandblast                Erth           0%         2d4       91%         1
 Blink                    Tloc           0%         N/A       97%         2
 Passwall                 Tmut/Erth      0%         N/A       97%         2
 Searing Ray              Conj           0%         2d4       97%         2
 Stone Arrow              Conj/Erth      0%         3d7       99%         3
 Fulminant Prism          Conj/Hex       0%         3d5       100%        4
 Manifold Assault         Tloc           0%         N/A       100%        4
 Storm Form               Tmut/Air       0%         N/A       100%        7


Dungeon Overview and Level Annotations

Branches:
Dungeon (3/15)

Altars:
Fedhas
Gozag

Annotations:
D:3 exclusion: oklob plant, Grinder


Innate Abilities, Weirdness & Mutations

When seriously injured, your blood forms armour. (AC +6)


Message History

An oklob plant is nearby!
An oklob plant is nearby!
Found an opulent altar of Gozag.
l - 2 scrolls labelled ZADOAH BESIGIA (gained 1)
There is an opulent altar of Gozag here.
Grinder comes into view.
Grinder shouts!
Grinder is nearby!
Grinder rolls her eyes.
Grinder blinks!
A gnoll comes into view. It is wielding a +0 flail.
The gnoll shouts!
A gnoll comes into view.
It is wielding a +1 halberd of freezing.
The gnoll shouts!
You hit Grinder.
Grinder is lightly wounded.
Grinder hits you.
You writhe in agony.
You hit Grinder but do no damage.
Grinder is lightly wounded.
You hit Grinder.
Grinder is lightly wounded.
Grinder hits you.
Your blood congeals into armour.
You block the gnoll's attack.
You barely miss Grinder.
Grinder is lightly wounded.
The gnoll hits you with a +0 flail. Grinder hits you but does no damage.
You barely miss Grinder.
Grinder is lightly wounded.
You hit Grinder.
Grinder is lightly wounded.
The gnoll hits you with a +0 flail! Grinder hits you!
* * * LOW HITPOINT WARNING * * *
You writhe in agony.
* * * LOW HITPOINT WARNING * * *
It was a potion of degeneration.
There was something very wrong with that liquid.
You feel weakened.
You feel dopey.
You feel clumsy. Grinder gestures at you.
You suddenly lose the ability to move!
The gnoll hits you with a +0 flail.
You die...

#..# #..# #..#
#..# #..# #
#.g# .#
######5.##.#
.......@g..#...
######?....^...
#..##.#...
######..# # .
.. ........#
...
#####...##.####
#.# #........!.
#.# #..##....##
#.#
######...######


You could see Grinder and 2 gnolls.

Vanquished Creatures
  An adder (D:3)
  3 worms (D:2)
  2 dart slugs
  3 ball pythons
  5 endoplasms
  4 giant cockroaches
  2 goblins (D:1)
  5 hobgoblins
  4 jackals (D:1)
  2 kobolds
  4 quokkas
  5 bats
  5 frilled lizards
  7 rats
52 creatures vanquished.

Notes
Turn   | Place    | Note
-------+----------+-------------------------------------------
     0 | D:1      | Martska the Demonspawn Fighter began the quest for the Orb.
     0 | D:1      | Reached XP level 1. HP: 18/18 MP: 1/1
    49 | D:1      | Gained mutation: When seriously injured, your blood forms
                  | armour. (AC +6) [demonic ancestry]
    49 | D:1      | Reached XP level 2. HP: 17/24 MP: 2/2
   168 | D:1      | Reached skill level 1 in Dodging
   327 | D:1      | Reached XP level 3. HP: 29/29 MP: 3/3
  1164 | D:3      | Reached XP level 4. HP: 21/37 MP: 4/4
  1482 | D:3      | Found a blossoming altar of Fedhas.
  1504 | D:3      | Noticed an oklob plant
  1533 | D:3      | Found an opulent altar of Gozag.
  1553 | D:3      | Noticed Grinder
  1566 | D:3      | Paralysed by Grinder for 4 turns
  1566 | D:3      | Slain by a gnoll

Illustrated notes

Levels and vault maps discovered:
D:1:      amcnicky_arrival_feature_with_door, layout_rooms
D:2:      layout_rooms
D:3:      layout_loops_ring, mainiacjoe_overflow_tiny_flanked,
          lemuel_tele_altar, tgw_fedhas, gammafunk_temple_overflow_elements,
          uniq_grinder

Skill      XL: |  1  2  3 |
---------------+----------+-----
Dodging        | 1 |  1.8
Armour         | 3 |  3.0
Shields        | 3 |  3.1
Fighting       | |  3.7
Polearms       | |  1.7

Action                     |  1- 3 |  4- 6 || total
---------------------------+-------+-------++-------
  Melee: Trident           |   146 |     4 ||   150
         Dagger            |       |    21 ||    21
    Use: Potion            |       |     1 ||     1
 Armour: Scale mail        |    55 |     3 ||    58
  Dodge: Dodged            |    58 |     5 ||    63
  Block: Buckler           |    26 |     3 ||    29
